 Dungeon Crawl Stone Soup version 0.27.1-34-g3ba077fa99 (webtiles) character file.

Game seed: 8623797960291796991

23 Shiverbunnies the Cutter (level 2, -4/25 HPs)
             Began as a Draconian Gladiator on Jan 11, 2022.
             Slain by Natasha (5 damage)
             ... on level 2 of the Dungeon.
             The game lasted 00:03:14 (1310 turns).

Shiverbunnies the Cutter (Draconian Gladiator)      Turns: 1310, Time: 00:03:16

Health: -4/25      AC:  4    Str: 16    XL:     2   Next: 75%
Magic:  2/2        EV: 12    Int:  8    God:
Gold:   65         SH:  0    Dex: 12    Spells: 1/1 levels left

rFire    . . .     SeeInvis .   a - +1 rapier
rCold    . . .     Faith    .   (no shield)
rNeg     . . .     Spirit   .   (armour unavailable)
rPois    .         Reflect  .   b - +0 hat
rElec    .         Harm     .   (no cloak)
rCorr    .         Rampage  .   (no gloves)
Will     .....                  (no boots)
Stlth    +.........             (no amulet)
HPRegen  0.08/turn              (no ring)
MPRegen  0.08/turn              (no ring)

@: slowed, very slow
A: AC +4, unfitting armour, cold-blooded
a: no special abilities


You were on level 2 of the Dungeon.
You visited 1 branch of the dungeon, and saw 2 of its levels.

You collected 65 gold pieces.

Inventory:

Hand Weapons
 a - a +1 rapier (weapon)
Missiles
 c - 2 throwing nets (quivered)
 e - 8 javelins
Armour
 b - a +0 hat (worn)
Magical Staves
 f - a staff of fire
Potions
 d - a potion of degeneration {unknown}


   Skills:
 * Level 2.4 Fighting
 + Level 3.4 Short Blades
 + Level 1.8 Throwing
 * Level 3.0 Dodging
 * Level 0.3 Spellcasting


You had one spell level left.
You didn't know any spells.
Your spell library was empty.

Dungeon Overview and Level Annotations

Branches:
Dungeon (2/15)

Altars:

Annotations:
D:2 Natasha


Innate Abilities, Weirdness & Mutations

Your plain brown scales are hard. (AC +4)
You cannot fit into any form of body armour.
You are cold-blooded and may be slowed by cold attacks.


Message History

You feel disoriented.
Natasha mumbles some strange words.
The crimson imp picks up a beetle and eats it.
Natasha casts a spell.
Your transformation is almost over.
Natasha mumbles some strange words.
You feel troubled.
Natasha mumbles some strange words.
Natasha's front paws start to glow.
Natasha casts a spell at you.
You feel yourself slow down. The crimson imp puffs mist at you.
Natasha casts a spell at you. You resist with significant effort.
Found a bubbling white potion.
The crimson imp blinks!
The crimson imp misses you.
The crimson imp hits you but does no damage.
Your transformation has ended.
Your +1 rapier unmelds from your body.
Your +0 hat unmelds from your body.
The crimson imp blinks!
Natasha stares at you and mumbles some strange words.
The magic dart hits you!
* * * LOW HITPOINT WARNING * * *
You closely miss Natasha.
Natasha is heavily wounded.
The crimson imp hits you.
* * * LOW HITPOINT WARNING * * *
Natasha claws you but does no damage. The crimson imp closely misses you.
Throw: 3 throwing nets
Press: ? - help, Q - select action, (/) - cycle Shift-Dir - straight line, f - Natasha
Aim: Natasha, carrying a wand of polymorph (2) (heavily wounded, 50% to hit)
You throw a throwing net.
The throwing net closely misses Natasha.
The throwing net barely misses the crimson imp.
Natasha barely misses you.
The crimson imp shouts, "Leave, thou feckless knotty-pated canker-blossom!"
The crimson imp hits you.
* * * LOW HITPOINT WARNING * * *
Natasha claws you.
You die...

#.......####
#..........#
#..........# ##
##..........#
...#######...........#
.....................#
........5............###
..!....@h.....(.5....'.†
........5............###
............##.##.#.....
............##.#........
............##.#..#.####
............##.#..#.....
............##.#.##..###
............##.#.....###
#.###.#..


You could see Natasha and 2 crimson imps.

Vanquished Creatures
  2 ball pythons (D:1)
  2 bats (D:1)
  4 endoplasms
  A giant cockroach (D:1)
  2 hobgoblins
  3 jackals (D:1)
  2 quokkas (D:1)
  A frilled lizard (D:1)
  A goblin (D:1)
  A kobold (D:1)
  A rat (D:1)
20 creatures vanquished.

Notes
Turn   | Place    | Note
-------+----------+-------------------------------------------
     0 | D:1      | Shiverbunnies the Draconian Gladiator began the quest for
                  | the Orb.
     0 | D:1      | Reached XP level 1. HP: 17/17 MP: 1/1
    87 | D:1      | Found a faded altar of an unknown god.
   202 | D:1      | Reached XP level 2. HP: 19/24 MP: 2/2
  1259 | D:2      | Noticed Natasha
  1287 | D:2      | Noticed a crimson imp
  1297 | D:2      | Noticed a crimson imp
  1299 | D:2      | Noticed a crimson imp
  1310 | D:2      | HP: 1/25 [crimson imp[Natasha] (2)]
  1310 | D:2      | Slain by Natasha

Illustrated notes

Levels and vault maps discovered:
D:1:      ncdulo_wetmaze, layout_basic, hellmonk_ecumenical_altar_arch_garden,
          item_on_display_a
D:2:      layout_basic, serial_shops, shop, uniq_jessica, uniq_natasha

Skill      XL: |  1  2 |
---------------+-------+-----
Dodging        | 3 |  3.0
Fighting       | |  2.4
Short Blades   | |  3.4
Throwing       | |  1.8
Spellcasting   | |  0.3

Action                   || total
-------------------------++-------
Melee: Rapier            ||    48
       Unarmed           ||     6
       Tailslap          ||     1
Throw: Throwing net      ||     1
  Use: Scroll            ||     1
 Stab: Sleeping          ||     2
Armor: Skin              ||    15
Dodge: Dodged            ||    31
